 Dungeon Crawl Stone Soup version 0.20-a0-751-g905781e (webtiles) character file.

5279 Dolanko the Carver (level 10, 0/91 HPs)
             Began as a Black Draconian Gladiator on Feb 25, 2017.
             Was a Follower of Wu Jian.
             Slain by Grum
             ... wielding a -1 spear
              (15 damage)
             ... on level 9 of the Dungeon.
             The game lasted 00:22:59 (13146 turns).

Dolanko the Carver (Black Draconian Gladiator)     Turns: 13146, Time: 00:23:01

Health: 0/91       AC: 11    Str: 18    XL:     10   Next: 36%
Magic:  10/10      EV: 16    Int: 13    God:    Wu Jian [*.....]
Gold:   461        SH:  0    Dex: 14    Spells: 9/9 levels left

rFire    . . .     SeeInvis .   a - +0 long sword
rCold    . . .     Gourm    .   (armour unavailable)
rNeg     . . .     Faith    .   (no shield)
rPois    .         Spirit   .   q - +2 hat
rElec    +         Reflect  .   g - +0 cloak
rCorr    .         Harm     .   (no gloves)
MR       .....                  c - +0 pair of boots
Stlth    +.........             j - amulet of rage
Regen    0.3/turn               (no ring)
MPRegen  0.2/turn               e - +4 ring of intelligence

@: very slightly contaminated, hasted, very quick
A: breathe lightning, unfitting armour, electricity resistance, cold-blooded, AC
+7
a: Breathe Lightning, Renounce Religion, Evoke Berserk Rage


You were on level 9 of the Dungeon.
You worshipped Wu Jian.
Wu Jian was aware of your devotion.
You were not hungry.

You visited 2 branches of the dungeon, and saw 10 of its levels.
You also visited: Sewer.

You collected 461 gold pieces.

Inventory:

Hand Weapons
 a - a +0 long sword (weapon)
 b - a +0 blowgun
 E - the +8 longbow of Disorder {flame, Int+3}
   (You acquired it on level 7 of the Dungeon)

   It causes projectiles fired from it to burn those they strike, causing extra
   injury to most foes and up to half again as much damage against particularly
   susceptible opponents.
   It affects your intelligence (+3).
Missiles
 k - 49 arrows
 t - 31 poisoned needles
Armour
 c - a +0 pair of boots (worn)
 g - a +0 cloak (worn)
 q - a +2 hat (worn)
Jewellery
 e - a +4 ring of intelligence (left hand)
 j - an amulet of rage (around neck)
Wands
 r - a wand of flame (13/48)
 y - a wand of iceblast (15/15)
 z - a wand of lightning (6/15)
Scrolls
 f - a scroll of fog
 i - 5 scrolls of identify
 l - 3 scrolls of amnesia
 n - 2 scrolls of remove curse
 s - a scroll of recharging
 v - a scroll of noise
 w - a scroll of teleportation
 B - 2 scrolls of enchant weapon
Potions
 m - a potion of brilliance
 u - 2 potions of curing
 A - 4 potions of flight
Comestibles
 d - 9 bread rations
 h - 3 meat rations
 p - 7 chunks of flesh
 x - 2 fruits
 C - 2 royal jellies


   Skills:
 + Level 9.0 Fighting
 * Level 11.2 Long Blades
 - Level 1.7 Throwing
 + Level 7.4 Dodging


You had 9 spell levels left.
You didn't know any spells.

Dungeon Overview and Level Annotations

Branches:
Dungeon (9/15)             Temple (1/1) D:7
   Lair: D:8-11         Orc: D:9-12

Altars:
Cheibriados
Dithmenos
Elyvilon
Hepliaklqana
Kikubaaqudgha
Makhleb
Nemelex Xobeh
Qazlal
Ru
Sif Muna
Vehumet
Wu Jian
Zin
The Shining One

Shops:
D:8 }

Annotations:
D:9 Grum


Innate Abilities, Weirdness & Mutations

You can breathe wild blasts of lightning.
Your glossy black scales are hard. (AC +7)
You cannot fit into any form of body armour.
You are resistant to electric shocks. (rElec)
You are cold-blooded and may be slowed by cold attacks.


Message History

The adder is moderately wounded.
The adder closely misses you. The wolf bites you but does no damage.
Unknown command.
You spin and attack the wolf.
You hit the wolf.
Your tail-slap misses the wolf.
The wolf is heavily wounded.
You spin and attack the adder repeatedly!
You slash the adder!
You kill the adder!
The Council accepts your kill. Grum misses you. The wolf closely misses you.
You spin and attack the wolf repeatedly!
You hit the wolf.
The wolf is heavily wounded.
You slash the wolf!
The wolf is almost dead.
The wolf barely misses you.
You riposte.
You slash the wolf!
You kill the wolf!
The Council accepts your kill. The wolf closely misses you.
Grum hits you from afar with a spear!
You die...

*,* *******+
##+###### *,,,,
#.......# ###+##*
#.......# #....#
#.......# ###....##
#.≈.....# ##.'....##
#.g>....# #..#....'.
#.Y†....# #.##...<##
#..h@...####.##....#
#.......'...[##....#
#.......#######....#
#####+### ###'##
**,* #.## *,,* #..#
*,** #######+## *,*
#........# ***+**
#......<.#


You could see Grum, a sky beast and a wolf.

Vanquished Creatures
  A two-headed ogre (D:6)
  A centaur skeleton (D:8)
  Prince Ribbit (D:8)
  Sigmund (D:3)
  A spriggan (D:8)
  A water moccasin (D:7)
  An orc warrior (D:6)
  A black bear (D:7)
  2 sky beasts (D:8)
  2 ogres
  2 phantoms (D:6)
  An ice beast (D:5)
  A necrophage (D:7)
  2 wolves (D:9)
  3 centaurs
  3 big kobolds
  3 bullfrogs (D:6)
  3 scorpions
  5 killer bees (D:8)
  A howler monkey (D:8)
  A lava snake (D:8)
  2 crimson imps
  2 jellies
  2 orc priests
  3 hounds
  12 orc wizards
  2 gnoll shamans
  Crazy Yiuf (D:2)
  A bullfrog skeleton (D:8)
  Jessica (D:3)
  Ijyb (D:2)
  Terence (D:2)
  5 worker ants
  Natasha (thrice) (D:2)
  7 iguanas
  A hound skeleton (D:6)
  2 worker ant zombies
  Robin (D:3)
  14 gnolls
  A howler monkey zombie (D:6)
  11 adders
  2 river rats
  2 oozes
  An adder skeleton (D:8)
  An adder zombie (D:5)
  3 worms
  2 dart slugs (D:2)
  4 leopard geckos
  29 orcs
  3 ball pythons
  2 giant cockroaches
  16 goblins
  7 hobgoblins
  7 jackals
  2 quokkas
  5 bats
  3 frilled lizards
  A jackal skeleton (D:7)
  21 kobolds
  3 quokka skeletons
  A quokka zombie (D:5)
  19 rats
244 creatures vanquished.

Notes
Turn   | Place    | Note
-------+----------+-------------------------------------------
     0 | D:1      | Dolanko the Draconian Gladiator began the quest for the Orb.
     0 | D:1      | Reached XP level 1. HP: 17/17 MP: 1/1
   360 | D:1      | Reached XP level 2. HP: 25/25 MP: 2/2
   977 | D:2      | Reached XP level 3. HP: 26/30 MP: 3/3
  1166 | D:2      | Noticed Terence
  1181 | D:2      | Killed Terence
  1181 | D:2      | Reached skill level 4 in Long Blades
  1183 | D:2      | Reached XP level 4. HP: 27/37 MP: 4/4
  1187 | D:2      | Found a white marble altar of Elyvilon.
  1400 | D:2      | Noticed Ijyb
  1429 | D:2      | Killed Ijyb
  1643 | D:2      | Noticed Natasha
  1647 | D:2      | Killed Natasha
  1647 | D:2      | Reached XP level 5. HP: 37/45 MP: 5/5
  1668 | D:2      | Noticed Natasha
  1673 | D:2      | Killed Natasha
  1806 | D:2      | Found a runed door.
  1837 | D:2      | Noticed Natasha
  1847 | D:2      | Killed Natasha
  2028 | D:2      | Noticed Crazy Yiuf
  2034 | D:2      | Killed Crazy Yiuf
  2034 | D:2      | Reached skill level 5 in Long Blades
  2445 | D:3      | Noticed Sigmund
  2818 | D:3      | Noticed Jessica
  2823 | D:3      | Noticed Robin
  2828 | D:3      | Killed Jessica
  2838 | D:3      | Killed Robin
  2841 | D:3      | Reached XP level 6. HP: 52/52 MP: 6/6
  2950 | D:3      | Found a faded altar of an unknown god.
  3070 | D:3      | Killed Sigmund
  3740 | D:3      | Reached skill level 6 in Long Blades
  3836 | D:3      | Found an ancient bone altar of Kikubaaqudgha.
  4090 | D:4      | Your scales start taking on a glossy black colour.
  4090 | D:4      | Reached XP level 7. HP: 35/60 MP: 7/7
  4090 | D:4      | Gained mutation: You are resistant to electric shocks. (rElec) [Black Draconian growth]
  4482 | D:4      | Found a radiant altar of Vehumet.
  4643 | D:4      | Reached skill level 5 in Fighting
  5397 | D:4      | Found a deep blue altar of Sif Muna.
  5426 | D:5      | Entered Level 5 of the Dungeon
  6348 | D:5      | Reached skill level 7 in Long Blades
  6720 | D:5      | Reached XP level 8. HP: 67/69 MP: 8/8
  6756 | D:5      | Reached skill level 5 in Dodging
  7581 | D:6      | Found a glowing drain.
  7634 | Sewer    | Entered a sewer
  7771 | Sewer    | Reached skill level 8 in Long Blades
  7782 | Sewer    | Found a white marble altar of Elyvilon.
  8208 | D:6      | Noticed a two-headed ogre
  8259 | D:6      | Killed a two-headed ogre
  8259 | D:6      | Reached skill level 9 in Long Blades
  8259 | D:6      | Reached XP level 9. HP: 34/79 MP: 9/9
  9121 | D:7      | Found a staircase to the Ecumenical Temple.
  9127 | Temple   | Entered the Ecumenical Temple
  9155 | Temple   | Became a worshipper of the Wu Jian Council
  9603 | D:7      | Reached skill level 10 in Long Blades
 10235 | D:7      | Identified a scroll of acquirement
 10237 | D:7      | Got a twisted longbow
 10238 | D:7      | Identified the +8 longbow of Disorder {flame, Int+3} (You acquired it on level 7 of the Dungeon)
 10347 | D:7      | Noticed a manticore
 10709 | D:8      | Found Saadd's Gadget Shoppe.
 11045 | D:8      | Found a deep blue altar of Sif Muna.
 11084 | D:8      | Reached XP level 10. HP: 54/90 MP: 10/10
 11454 | D:8      | Noticed a two-headed ogre
 11490 | D:8      | HP: 1/90 [two-headed ogre/giant club (18)]
 11982 | D:8      | Reached * piety under Wu Jian
 12118 | D:8      | Found a glowing golden altar of the Shining One.
 12119 | D:8      | Found a burning altar of Makhleb.
 12577 | D:8      | Noticed Prince Ribbit
 12589 | D:8      | Killed Prince Ribbit
 12589 | D:8      | Reached skill level 11 in Long Blades
 12989 | D:8      | Found a sparkling altar of Nemelex Xobeh.
 13119 | D:9      | Noticed Grum
 13146 | D:9      | Slain by Grum

Vault maps used:
D:1:      sevenhm_arrival_forest_fort_large_4
D:2:      elyvilon_altar_5, uniq_crazy_yiuf_cottage, uniq_natasha, uniq_iyjb,
          uniq_terence
D:3:      lemuel_doored_altar, chequers_ecumenical_altar_twisty, uniq_jessica,
          uniq_robin, uniq_sigmund
D:4:      lemuel_coloured_pillars_altar, led_sif_book
D:5:      first_bread, serial_corexii_hall, corexii_hall_statues_i,
          corexii_hall_statues_t
D:6:      portal_sewer_entry_a
D:7:      temple_green, serial_column_ruins, column_ruins_hut_pillars,
          column_ruins_square_medium, column_ruins_open_tiny,
          column_ruins_open_medium_water, column_ruins_grid_3,
          column_ruins_open_large, column_ruins_columns_straight,
          column_ruins_grid_3
D:8:      kennysheep_mini_moat, grunt_temple_overflow_open, serial_shops,
          nicolae_shop_waterfront, the_bakery, kennysheep_cluttered_room,
          nemelex_dance_club_becter, uniq_prince_ribbit1
D:9:      basic_altar, serial_shops, nicolae_shop_behind_doors, uniq_grum
Temple:   regret_index_temple_sphere_string
Sewer:    sewer_kobolds

Skill      XL: |  1  2  3  4  5  6  7  8  9 10 |
---------------+-------------------------------+-----
Dodging        | 3 4 6 7 |  7.4
Long Blades    | 4 5 6 7 9 10 11 | 11.2
Fighting       | 3 4 5 7 8 9 |  9.0
Throwing       | |  1.7

Action                   |  1- 3 |  4- 6 |  7- 9 | 10-12 || total
-------------------------+-------+-------+-------+-------++-------
Melee: Long sword        |    69 |   180 |   487 |   168 ||   904
       Tailslap          |    15 |    24 |    85 |    35 ||   159
       Blowgun           |       |       |     1 |       ||     1
 Fire: Blowgun           |       |    11 |    74 |    10 ||    95
       Longbow           |       |       |     3 |       ||     3
Throw: Throwing net      |     2 |     1 |     2 |       ||     5
 Abil: Breathe Lightning |       |       |     2 |       ||     2
Evoke: Wand              |       |       |     3 |       ||     3
  Use: Potion            |       |     1 |    11 |     3 ||    15
       Scroll            |       |       |    15 |    10 ||    25
 Stab: Sleeping          |     1 |       |     1 |     1 ||     3
  Eat: Chunk             |     1 |     9 |    19 |     1 ||    30
       Bread ration      |       |       |     1 |     1 ||     2
       Meat ration       |       |       |       |     1 ||     1
Armor: Skin              |    18 |    43 |   152 |    55 ||   268
Dodge: Dodged            |    52 |   131 |   401 |   155 ||   739
       Rpst.: Long sword |    22 |    39 |   111 |    40 ||   212
